 Dungeon Crawl Stone Soup version 0.24.1-8-ga250c9d538 (webtiles) character file.

Game seed: 13509447960619016872, levelgen mode: deterministic

10129 MordorOrchid the Geomancer (level 11, 0/69 HPs)
             Began as an Octopode Earth Elementalist on May 4, 2020.
             Was an Initiate of Gozag.
             Slain by a water moccasin (2 damage)
             ... on level 1 of the Lair of Beasts.
             The game lasted 00:53:28 (7959 turns).

MordorOrchid the Geomancer (OpEE)                   Turns: 7959, Time: 00:53:28

Health: 0/69       AC:  1    Str:  8    XL:     11   Next: 57%
Magic:  2/33       EV: 25    Int: 20    God:    Gozag
Gold:   1679       SH:  4    Dex: 13    Spells: 14/29 levels left

rFire    + . .     SeeInvis .   j - +10 hunting sling of Hacking and Slashing {flame, rPois Stlth+}
rCold    . . .     Gourm    .   J - +0 buckler
rNeg     + + .     Faith    .   (helmet restricted)
rPois    +         Spirit   .   e - amulet of regeneration
rElec    .         Reflect  .   l - ring of protection from fire
rCorr    .         Harm     .   m - +5 ring of evasion
MR       .....                  r - ring of magical power
Stlth    +++++.....             g - +4 ring of evasion
HPRegen  0.61/turn              K - ring of positive energy
MPRegen  0.23/turn              S - ring of positive energy
                                (no ring)
                                (no ring)

@: lethally poisoned (0 -> -3), very slightly contaminated
A: almost no armour, stealthy swim, amphibious, 8 rings, constrict 8, camouflage
1, gelatinous body 1
a: Potion Petition, Call Merchant, Bribe Branch, Renounce Religion


You were on level 1 of the Lair of Beasts.
You worshipped Gozag.
Gozag was most pleased with you.
You were very hungry.

You visited 2 branches of the dungeon, and saw 10 of its levels.

You collected 2009 gold pieces.
You spent 229 gold pieces at shops.
You paid 101 gold pieces to Gozag.

Inventory:

Hand Weapons
 a - a +4 scimitar of freezing
 j - the +10 hunting sling of Hacking and Slashing (weapon) {flame, rPois Stlth+}
   (You found it on level 9 of the Dungeon)

   It causes projectiles fired from it to burn those they strike, causing extra
   injury to most foes and up to half again as much damage against particularly
   susceptible opponents.
   It protects you from poison.
   It makes you more stealthy.
 k - the +6 Majin-Bo {vamp, Archmagi MP+6 Int+6}
   (You found it on level 6 of the Dungeon)

   It inflicts no extra harm, but heals its wielder when it wounds a living foe.
   It affects your intelligence (+6).
   It affects your magic capacity (+6).
 y - a +0 dagger of venom
Missiles
 b - 189 stones
 q - 18 sling bullets (quivered)
 A - 6 boomerangs
 F - 2 throwing nets
 N - 3 curare-tipped darts
 P - 30 poisoned darts
Armour
 J - a +0 buckler (worn)
Magical Staves
 x - an uncursed staff of energy
 O - an uncursed staff of summoning
Jewellery
 e - an amulet of regeneration (around mantle)
 g - a +4 ring of evasion (on tentacle)
 l - a ring of protection from fire (left tentacle)
 m - a +5 ring of evasion (right tentacle)
 r - a ring of magical power (on tentacle)
 K - a ring of positive energy (on tentacle)
 S - a ring of positive energy (on tentacle)
Wands
 d - a wand of random effects (20)
 E - a wand of flame (11)
 U - a wand of scattershot (4)
Scrolls
 f - a scroll of magic mapping {unknown}
 h - 4 scrolls of teleportation
 i - a scroll of amnesia {unknown}
 v - a scroll of fog {unknown}
 C - a scroll of summoning {unknown}
 D - a scroll of fear {unknown}
 G - a scroll of noise {unknown}
 H - a scroll of immolation
 Q - 2 scrolls of remove curse
 T - a scroll of vulnerability
Potions
 n - a potion of ambrosia
 o - a potion of might {unknown}
 p - 2 potions of mutation {unknown}
 s - a potion of flight {unknown}
 t - 2 potions of resistance {unknown}
 u - 2 potions of curing
 w - 2 potions of lignification
 z - 3 potions of brilliance {unknown}
 B - a potion of agility {unknown}
 I - a potion of heal wounds {unknown}
 L - a potion of magic
 M - a potion of invisibility {unknown}
 R - 2 potions of haste
Comestibles
 c - 9 rations


   Skills:
 - Level 4.0 Fighting
 - Level 2.0 Short Blades
 * Level 6.0 Dodging
 - Level 6.1 Stealth
 * Level 2.4 Shields
 * Level 9.8 Spellcasting
 - Level 3.0 Conjurations
 - Level 3.2 Transmutations
 * Level 10.3 Earth Magic
 * Level 4.1 Evocations


You had 14 spell levels left.
You knew the following spells:

 Your Spells              Type           Power        Failure   Level  Hunger
a - Sandblast             Erth           ######       1%          1    None
d - Petrify               Tmut/Erth      #####...     4%          4    ##.....
f - Stone Arrow           Conj/Erth      #####.       1%          3    None
v - Lee's Rapid Deconstr  Erth           ######....   3%          5    #####..
w - Passwall              Tmut/Erth      #####...     1%          2    None

Your spell library contained the following spells:

 Spells                   Type           Power        Failure   Level  Hunger


Dungeon Overview and Level Annotations

Branches:
Dungeon (9/15)             Temple (0/1) D:6            Lair (1/6) D:9
    Orc: D:9-12

Altars:
Cheibriados
Fedhas
Gozag
Makhleb
Uskayaw
Xom
The Shining One
Jiyva

Shops:
D:5 :   D:6 [   D:8 *


Innate Abilities, Weirdness & Mutations

You cannot wear most types of armour.
You are very stealthy in the water. (Stealth+)
You are amphibious.
You can wear up to eight rings at the same time.
You can use your tentacles to constrict eight enemies at once.
Your skin changes colour to match your surroundings (Stealth+).
Your rubbery body absorbs attacks. (AC +1, EV +1)


Message History

You begin to meditate on the wall.
You continue meditating on the rock.
The water moccasin completely misses you.
The water moccasin bites you! The water moccasin bites you.
You continue meditating on the rock.
You feel sick. The water moccasin bites you!
* * * LOW HITPOINT WARNING * * *
You are more poisoned.
The water moccasin poisons you! The water moccasin closely misses you.
The water moccasin bites you.
* * * LOW HITPOINT WARNING * * *
You continue meditating on the rock.
You feel sick.
The crocodile is no longer distracted by gold.
The water moccasin closely misses you. The water moccasin bites you!
* * * LOW HITPOINT WARNING * * *
You continue meditating on the rock.
* * * LOW HITPOINT WARNING * * *
You feel sick. The water moccasin bites you.
You die...
Your body crumbles into a pile of gold.

............ ............
######### ######.#....#
#.#.##..# ............#
###....#.## ##..........##
##.#.......#
#P...........#
#..........#
.............#
#..≈≈≈...###
##.##.##.....# ##..#≈≈≈≈.#
.............# #@S##≈#≈###
.............# #S#####≈#
.............###t####≈≈#
.............#.#$#≈≈#≈##
........##......$$≈≈≈≈##S.
........####≈≈≈≈((≈≈≈≈≈.SS
............≈≈####$#≈≈...#
..######.###≈## .≈#≈≈##.#
............≈# S#.# #


You could see 2 water moccasins and a crocodile.

Vanquished Creatures
  A two-headed ogre (D:7)
  Maurice (D:8)
  2 spiny frogs (Lair:1)
  The ghost of ChadusMaximus the Chopper, an amateur MiBe of Trog (D:6)
  2 hippogriffs (Lair:1)
  Grum (D:8)
  4 yaks (Lair:1)
  A basilisk (Lair:1)
  A steam dragon (D:9)
  2 wargs (D:9)
  15 water moccasins (Lair:1)
  Duvessa (D:7)
  4 orc warriors
  3 ice beasts
  A phantom (D:5)
  2 centaurs
  5 ogres
  4 wolves
  5 crocodiles
  3 big kobolds
  5 bullfrogs
  Dowan (D:7)
  6 scorpions
  6 killer bees (D:9)
  8 wights
  3 howler monkeys (D:9)
  2 crimson imps
  5 jellies
  7 orc priests
  6 hounds
  A bullfrog skeleton (D:8)
  8 orc wizards
  3 iguanas
  7 worker ants
  A hound zombie (D:6)
  2 hound skeletons
  A worker ant zombie (D:9)
  7 gnolls
  19 adders
  4 adder skeletons
  6 worms
  A dart slug (D:2)
  4 leopard geckos
  24 orcs
  4 ball pythons
  2 giant cockroaches
  8 goblins
  6 hobgoblins
  8 jackals
  19 kobolds
  4 quokkas
  A ball python skeleton (D:5)
  14 bats
  6 frilled lizards
  2 leopard gecko skeletons
  11 rats
281 creatures vanquished.

Notes
Turn   | Place    | Note
-------+----------+-------------------------------------------
     0 | D:1      | MordorOrchid the Octopode Earth Elementalist began the
                  | quest for the Orb.
     0 | D:1      | Reached XP level 1. HP: 11/11 MP: 3/3
   127 | D:1      | Reached XP level 2. HP: 18/18 MP: 3/5
   131 | D:1      | Learned a level 2 spell: Passwall
   380 | D:1      | Reached XP level 3. HP: 19/22 MP: 6/6
   385 | D:1      | Learned a level 3 spell: Stone Arrow
   602 | D:2      | Reached skill level 1 in Fighting
   785 | D:2      | Reached XP level 4. HP: 23/28 MP: 3/7
  1084 | D:2      | Found a glowing golden altar of the Shining One.
  1135 | D:2      | Reached skill level 1 in Conjurations
  1465 | D:2      | Reached XP level 5. HP: 31/33 MP: 2/9
  1475 | D:2      | Learned a level 4 spell: Petrify
  1816 | D:3      | Reached skill level 4 in Earth Magic
  1989 | D:3      | Found a snail-covered altar of Cheibriados.
  1991 | D:3      | Found a shimmering altar of Xom.
  2001 | D:3      | You fall into a shaft and drop 3 floors!
  2025 | D:6      | Noticed an ice beast
  2042 | D:6      | Killed an ice beast
  2042 | D:6      | Reached XP level 6. HP: 15/39 MP: 3/11
  2122 | D:5      | Entered Level 5 of the Dungeon
  2227 | D:3      | Found a blossoming altar of Fedhas.
  2227 | D:3      | Found an opulent altar of Gozag.
  2300 | D:3      | Became a worshipper of Gozag Ym Sagoz the Greedy
  2614 | D:3      | Reached skill level 5 in Earth Magic
  2614 | D:3      | Reached XP level 7. HP: 43/45 MP: 13/13
  3122 | D:4      | Found a hide-covered altar of Uskayaw.
  3123 | D:4      | Found a burning altar of Makhleb.
  3731 | D:5      | Reached skill level 5 in Spellcasting
  3758 | D:5      | Found Kehiu's Book Boutique.
  3816 | D:5      | Reached XP level 8. HP: 50/50 MP: 15/15
  3873 | D:5      | Reached skill level 6 in Earth Magic
  4027 | D:5      | Learned a level 5 spell: Lee's Rapid Deconstruction
  4502 | D:6      | Found a staircase to the Ecumenical Temple.
  4586 | D:6      | Found a runed translucent door.
  4589 | D:6      | Found the +6 Majin-Bo {vamp, Archmagi MP+6 Int+6}
  4592 | D:6      | Noticed ChadusMaximus's ghost (amateur MiBe)
  4831 | D:5      | Reached skill level 7 in Earth Magic
  4861 | D:5      | Reached XP level 9. HP: 54/54 MP: 18/18
  4928 | D:6      | Found Wuij's Antique Armour Shoppe.
  5082 | D:6      | Killed ChadusMaximus's ghost
  5369 | D:7      | Reached skill level 8 in Earth Magic
  5371 | D:7      | Noticed Dowan
  5385 | D:7      | Noticed Duvessa
  5498 | D:7      | Noticed a two-headed ogre
  5521 | D:7      | Killed a two-headed ogre
  5521 | D:7      | Reached skill level 5 in Stealth
  5521 | D:7      | Reached skill level 1 in Evocations
  5521 | D:7      | Reached XP level 10. HP: 61/61 MP: 13/21
  5717 | D:7      | Killed Duvessa
  5734 | D:7      | Killed Dowan
  6123 | D:8      | Noticed Maurice
  6148 | D:8      | Killed Maurice
  6148 | D:8      | Reached skill level 5 in Dodging
  6195 | D:8      | Noticed Grum
  6209 | D:8      | Killed Grum
  6319 | D:8      | Reached skill level 1 in Short Blades
  6346 | D:8      | Found Zearic's Assorted Antiques.
  6353 | D:8      | Bought a scroll labeled OPPOXO COM for 29 gold pieces
  6353 | D:8      | Bought a cyan potion for 26 gold pieces
  6353 | D:8      | Bought a runed shortbow for 174 gold pieces
  6589 | D:9      | Got a polished hunting sling
  6590 | D:9      | Identified the +10 hunting sling of Hacking and Slashing
                  | {flame, rPois Stlth+} (You found it on level 9 of the
                  | Dungeon)
  6657 | D:9      | Reached skill level 9 in Earth Magic
  6730 | D:9      | Found a staircase to the Lair.
  6766 | D:9      | Found a viscous altar of Jiyva.
  7015 | D:9      | Reached skill level 1 in Shields
  7216 | Lair:1   | Entered Level 1 of the Lair of Beasts
  7247 | Lair:1   | Reached XP level 11. HP: 68/68 MP: 15/24
  7672 | Lair:1   | Reached skill level 10 in Earth Magic
  7958 | Lair:1   | HP: 3/69 [water moccasin (10)]
  7959 | Lair:1   | Slain by a water moccasin

Levels and vault maps discovered:
D:1:      wheals_arrival_linesprint, layout_rooms, glass_columns_b,
          minmay_hexomino_f4
D:2:      layout_basic, nicolae_tso_swordbearing_angel
D:3:      layout_basic, chequers_temple_overflow_statue_of_worship
D:4:      layout_basic, nicolae_overflow_hidden_temple
D:5:      layout_basic, first_ration, serial_shops, shop
D:6:      layout_layer_cave, minmay_temple_entry_fiery, serial_shops,
          nicolae_shop_behind_doors, ebering_ghost_inner_flame
D:7:      layout_cave_pools, grunt_ogre_cave, uniq_duvessa
D:8:      layout_loops_ring, serial_shops, shop, uniq_joseph, uniq_grum,
          uniq_maurice
D:9:      layout_basic, erik_lair_orcish_takeover, jiyva_altar_1
Lair:1:   lemuel_reptile_caves, layout_long_grid, beast_lair_carwin_3

Skill      XL: |  1  2  3  4  5  6  7  8  9 10 11 |
---------------+----------------------------------+-----
Stealth        | 3 5 6 |  6.1
Fighting       | 1 2 3 4 |  4.0
Conjurations   | 1 2 3 |  3.0
Spellcasting   | 3 4 5 6 7 9 |  9.8
Earth Magic    | 4 5 7 8 9 10 | 10.3
Dodging        | 3 4 5 6 |  6.0
Transmutations | 2 3 |  3.2
Evocations     | 1 3 4 |  4.1
Short Blades   | 2 |  2.0
Shields        | 1 2 |  2.4

Action                   |  1- 3 |  4- 6 |  7- 9 | 10-12 || total
-------------------------+-------+-------+-------+-------++-------
Melee: Unarmed           |     6 |       |       |       ||     6
       Constrict         |    19 |     5 |     1 |    23 ||    48
       Club              |    13 |       |       |       ||    13
       Tentacles         |     7 |     1 |     2 |    19 ||    29
       Dagger            |    42 |    26 |    13 |   101 ||   182
       Quarterstaff      |       |       |     2 |       ||     2
 Fire: Hunting sling     |       |    44 |   102 |   135 ||   281
 Cast: Sandblast         |    23 |    41 |    92 |    19 ||   175
       Stone Arrow       |       |     5 |    54 |    26 ||    85
       Petrify           |       |       |     4 |    38 ||    42
       Lee's Rapid Decon |       |       |     1 |    27 ||    28
       Passwall          |       |       |       |    37 ||    37
Evoke: Wand              |       |       |       |     1 ||     1
  Use: Scroll            |       |     1 |     5 |     6 ||    12
       Potion            |       |       |     5 |     2 ||     7
 Stab: Sleeping          |    10 |     6 |     1 |     1 ||    18
       Petrified         |       |       |    11 |    62 ||    73
       Petrifying        |       |       |       |     3 ||     3
  Eat: Chunk             |       |     6 |       |       ||     6
       Ration            |       |       |     4 |     2 ||     6
Armor: Skin              |    17 |     1 |     3 |     1 ||    22
Dodge: Dodged            |    45 |    42 |    47 |    96 ||   230
Block: Buckler           |       |       |       |    14 ||    14
